 Dungeon Crawl Stone Soup version 0.28.0-53-g5a82cb258f (webtiles) character file.

Game seed: 14651945790874237874

101 MisterFreud the Covert (level 4, -5/41 HPs)
             Began as a Gnoll Delver on July 10, 2022.
             Slain by a wraith (7 damage)
             ... in an ossuary.
             The game lasted 00:01:06 (290 turns).

MisterFreud the Covert (Gnoll Delver)                Turns: 290, Time: 00:01:07

Health: -5/41      AC:  3    Str: 11    XL:     4   Next: 75%
Magic:  5/5        EV: 13    Int: 11    God:
Gold:   4          SH:  0    Dex: 14    Spells: 5/5 levels left

rFire   . . .      SeeInvis .   a - +0 short sword
rCold   . . .      Faith    .   (no shield)
rNeg    . . .      Spirit   .   b - +0 leather armour
rPois   .          Reflect  .   (no helmet)
rElec   .          Harm     .   (no cloak)
rCorr   .          Rampage  .   (no gloves)
Will    .....                   (no boots)
Stlth   ++++......              (no amulet)
HPRegen 0.13/turn               (no ring)
MPRegen 0.09/turn               (no ring)

@: hasted and slowed
A: fangs 1, strong nose, distributed training
a: no special abilities


You were in an ossuary.
You visited 1 branch of the dungeon, and saw 3 of its levels.
You also visited: Ossuary.

You collected 4 gold pieces.

Inventory:

Hand Weapons
 a - a +0 short sword (weapon)
Armour
 b - a +0 leather armour (worn)
Wands
 g - a wand of digging (3)
Scrolls
 c - a scroll of fog
 e - a scroll of fear
 i - a scroll of vulnerability {unknown}
 j - 2 scrolls of magic mapping
 k - a scroll of teleportation {unknown}
 m - 2 scrolls of holy word {unknown}
 n - a scroll of identify {unknown}
 o - a scroll of immolation {unknown}
Potions
 d - 3 potions of curing {unknown}
 f - a potion of haste
 h - a potion of ambrosia {unknown}
 l - a potion of lignification {unknown}
 p - 2 potions of berserk rage {unknown}


   Skills:
 + Level 6.6 Fighting
 + Level 4.7 Short Blades
 + Level 1.2 Long Blades
 + Level 1.2 Axes
 + Level 1.2 Maces & Flails
 + Level 1.2 Polearms
 + Level 1.2 Staves
 + Level 1.2 Slings
 + Level 1.2 Bows
 + Level 1.2 Crossbows
 + Level 1.2 Throwing
 + Level 1.2 Armour
 + Level 4.7 Dodging
 + Level 9.6 Stealth
 + Level 1.2 Shields
 + Level 1.2 Unarmed Combat
 + Level 1.2 Spellcasting
 + Level 1.0 Conjurations
 + Level 1.0 Hexes
 + Level 1.0 Summonings
 + Level 1.0 Necromancy
 + Level 1.0 Translocations
 + Level 1.0 Transmutations
 + Level 1.0 Fire Magic
 + Level 1.0 Ice Magic
 + Level 1.0 Air Magic
 + Level 1.0 Earth Magic
 + Level 1.0 Poison Magic
 + Level 1.3 Invocations
 + Level 1.2 Evocations


You had 5 spell levels left.
You didn't know any spells.
Your spell library contained the following spells:

 Spells                   Type           Power      Damage    Failure   Level
 Borgnjor's Revivificati  Necr           1%         N/A       100%        8
 Necromutation            Tmut/Necr      1%         N/A       100%        8
 Death's Door             Necr           1%         N/A       100%        9


Dungeon Overview and Level Annotations

Branches:
Dungeon (5/15)            Ossuary (1/1)
 Temple: D:4-7

Altars:


Innate Abilities, Weirdness & Mutations

You have very sharp teeth.
Your uncanny sense of smell can sniff out nearby items.
Your experience applies equally to all skills.


Message History

You hit the wraith but do no damage.
The wraith is almost destroyed.
The wraith barely misses you.
You hit the wraith.
The wraith is almost destroyed.
The wraith hits you. The wraith drains your vigour!
You feel yourself slow down.
You hit the wraith but do no damage.
The wraith is almost destroyed.
The wraith hits you. The wraith drains your vigour!
You feel as though you will be slow longer.
You barely miss the wraith. You bite the wraith, but do no damage.
The wraith is almost destroyed.
The wraith hits you! The wraith drains your vigour!
You feel as though you will be slow longer.
You hit the wraith.
The wraith is almost destroyed.
The wraith hits you. The wraith drains your vigour!
You feel as though you will be slow longer.
You hit the wraith but do no damage. You bite the wraith, but do no damage.
The wraith is almost destroyed.
The wraith misses you. The wraith hits you!
* * * LOW HITPOINT WARNING * * *
You hit the wraith but do no damage.
The wraith is almost destroyed.
The wraith hits you.
* * * LOW HITPOINT WARNING * * *
The wraith drains your vigour!
You feel as though you will be slow longer.
You closely miss the wraith.
The wraith is almost destroyed.
The wraith hits you.
* * * LOW HITPOINT WARNING * * *
The wraith drains your vigour!
You feel as though you will be slow longer.
You closely miss the wraith.
The wraith is almost destroyed.
The wraith barely misses you. The wraith misses you.
You feel yourself speed up. The wraith hits you!
You die...

###########
..........#
#.###.##@.# #
#.#z#.#W#.#
#.###.###.###.#
#.............#
#.............#
#.###.....###.#
#.#z#.....#z#.#
#.###.....###.#
#.............#


You could see a wraith.

Vanquished Creatures
  A wyvern skeleton (D:3)
  A centaur zombie (Ossuary)
  An adder (D:4)
  A goblin (D:4)
  3 hobgoblin skeletons (Ossuary)
  A hobgoblin zombie (Ossuary)
  A jackal skeleton (D:4)
  2 kobold zombies (Ossuary)
  An orc skeleton (Ossuary)
  An orc zombie (Ossuary)
  A rat (D:3)
14 creatures vanquished.

Notes
Turn   | Place    | Note
-------+----------+-------------------------------------------
     0 | D:5      | Reached skill level 9 in Stealth
     0 | D:5      | MisterFreud the Gnoll Delver began the quest for the Orb.
     0 | D:5      | Reached XP level 1. HP: 23/23 MP: 1/1
    51 | D:4      | Reached XP level 2. HP: 20/29 MP: 2/2
    69 | D:3      | Reached skill level 1 in Long Blades
    69 | D:3      | Reached skill level 1 in Axes
    69 | D:3      | Reached skill level 1 in Maces & Flails
    69 | D:3      | Reached skill level 1 in Polearms
    69 | D:3      | Reached skill level 1 in Staves
    69 | D:3      | Reached skill level 1 in Slings
    69 | D:3      | Reached skill level 1 in Bows
    69 | D:3      | Reached skill level 1 in Crossbows
    69 | D:3      | Reached skill level 1 in Throwing
    69 | D:3      | Reached skill level 1 in Armour
    69 | D:3      | Reached skill level 1 in Shields
    69 | D:3      | Reached skill level 1 in Unarmed Combat
    69 | D:3      | Reached skill level 1 in Spellcasting
    69 | D:3      | Reached skill level 1 in Invocations
    69 | D:3      | Reached skill level 1 in Evocations
    69 | D:3      | Reached XP level 3. HP: 26/35 MP: 2/4
    69 | D:3      | Reached XP level 4. HP: 31/41 MP: 2/5
    85 | D:4      | Found a sand-covered staircase.
    92 | Ossuary  | Entered an ossuary
   194 | Ossuary  | Reached skill level 1 in Conjurations
   194 | Ossuary  | Reached skill level 1 in Hexes
   194 | Ossuary  | Reached skill level 1 in Summonings
   194 | Ossuary  | Reached skill level 1 in Necromancy
   194 | Ossuary  | Reached skill level 1 in Translocations
   194 | Ossuary  | Reached skill level 1 in Transmutations
   194 | Ossuary  | Reached skill level 1 in Fire Magic
   194 | Ossuary  | Reached skill level 1 in Ice Magic
   194 | Ossuary  | Reached skill level 1 in Air Magic
   194 | Ossuary  | Reached skill level 1 in Earth Magic
   194 | Ossuary  | Reached skill level 1 in Poison Magic
   231 | Ossuary  | Noticed a wraith
   231 | Ossuary  | Noticed a flying skull
   242 | Ossuary  | Noticed a flying skull
   244 | Ossuary  | Noticed a flying skull
   266 | Ossuary  | Noticed a flying skull
   276 | Ossuary  | Noticed a wraith
   288 | Ossuary  | HP: 2/41 [wraith (5)]
   290 | Ossuary  | Slain by a wraith

Illustrated notes

Levels and vault maps discovered:
D:3:      layout_rooms, okawaru_trees_1, kennysheep_boxes
D:4:      layout_rooms, nicolae_ossuary_entry_ruins, uniq_crazy_yiuf_cottage
D:5:      layout_rooms, uniq_prince_ribbit1, uniq_pikel
Ossuary:  ossuary_due_cavern

Skill      XL: |  1  2  3  4 |
---------------+-------------+-----
Stealth        | |  9.6
Long Blades    | 1 |  1.2
Axes           | 1 |  1.2
Maces & Flails | 1 |  1.2
Polearms       | 1 |  1.2
Staves         | 1 |  1.2
Slings         | 1 |  1.2
Bows           | 1 |  1.2
Crossbows      | 1 |  1.2
Throwing       | 1 |  1.2
Armour         | 1 |  1.2
Shields        | 1 |  1.2
Unarmed Combat | 1 |  1.2
Spellcasting   | 1 |  1.2
Invocations    | 1 |  1.3
Evocations     | 1 |  1.2
Conjurations   | 1 |  1.0
Hexes          | 1 |  1.0
Summonings     | 1 |  1.0
Necromancy     | 1 |  1.0
Translocations | 1 |  1.0
Transmutations | 1 |  1.0
Fire Magic     | 1 |  1.0
Ice Magic      | 1 |  1.0
Air Magic      | 1 |  1.0
Earth Magic    | 1 |  1.0
Poison Magic   | 1 |  1.0
Fighting       | |  6.6
Short Blades   | |  4.7
Dodging        | |  4.7

Action                   |  1- 3 |  4- 6 || total
-------------------------+-------+-------++-------
Melee: Short sword       |    12 |    22 ||    34
       Bite              |     1 |     3 ||     4
       Punch             |       |     1 ||     1
  Use: Scroll            |     1 |       ||     1
       Potion            |       |     1 ||     1
 Stab: Sleeping          |     1 |     9 ||    10
Armor: Leather armour    |     2 |     1 ||     3
Dodge: Dodged            |     4 |     6 ||    10
